 Dungeon Crawl Stone Soup version 0.22.1-1-ga44c0e56f4 (webtiles) character file.

76 Knicklaso the Cutter (level 4, -6/29 HPs)
             Began as a Halfling Warper on Sept 29, 2018.
             Was an Initiate of Fedhas.
             Mangled by a gnoll
             ... wielding a +0 halberd
              (15 damage)
             ... on level 2 of the Dungeon.
             The game lasted 00:05:53 (2362 turns).

Knicklaso the Cutter (Halfling Warper)              Turns: 2362, Time: 00:05:53

Health: -6/29      AC:  3    Str: 13    XL:     4   Next: 57%
Magic:  6/7        EV: 15    Int: 11    God:    Fedhas [......]
Gold:   92         SH:  0    Dex: 13    Spells: 0/7 levels left

rFire    . . .     SeeInvis .   a - +0 short sword
rCold    . . .     Gourm    .   (shield restricted)
rNeg     . . .     Faith    .   b - +0 leather armour
rPois    .         Spirit   .   (no helmet)
rElec    .         Reflect  .   (no cloak)
rCorr    .         Harm     .   (no gloves)
MR       .....                  (no boots)
Stlth    +.........             (no amulet)
HPRegen  0.09/turn              (no ring)
MPRegen  0.10/turn              (no ring)

@: no status effects
A: small, mutation resistance 1
a: Fungal Bloom, Renounce Religion


You were on level 2 of the Dungeon.
You worshipped Fedhas.
Fedhas was noncommittal.
You were hungry.

You visited 1 branch of the dungeon, and saw 2 of its levels.

You collected 92 gold pieces.

Inventory:

Hand Weapons
 a - a +0 short sword (weapon)
 h - a +4 dagger
 t - a +0 dagger of flaming
Missiles
 e - 5 tomahawks of dispersal (quivered)
 k - 4 stones
 p - 52 sling bullets
Armour
 b - a +0 leather armour (worn)
Scrolls
 c - a scroll of teleportation {unknown}
 d - a scroll of blinking
 g - a scroll of enchant armour {unknown}
 i - 5 scrolls of identify {unknown}
 l - 2 scrolls of remove curse {unknown}
Potions
 j - a potion of heal wounds {unknown}
 m - a potion of might {unknown}
 n - a potion of agility {unknown}
 o - a potion of brilliance {unknown}
 q - a potion of haste {unknown}
 r - a potion of magic {unknown}
 s - a potion of lignification {unknown}
Comestibles
 f - 4 rations


   Skills:
 + Level 2.3 Fighting
 * Level 3.8 Short Blades
 - Level 1.0 Throwing
 - Level 1.1 Armour
 + Level 2.9 Dodging
 + Level 2.0 Spellcasting
 - Level 3.2 Translocations
 + Level 0.7 Invocations


You couldn't memorise any spells.
You knew the following spells:

 Your Spells              Type           Power        Failure   Level  Hunger
a - Shroud of Golubria    Chrm/Tloc      #.........   28%         2    ###....
b - Blink                 Tloc           N/A          14%         2    ###....
c - Gell's Gravitas       Tloc           #.........   28%         3    ####...

Your spell library contained the following spells:

 Spells                   Type           Power        Failure   Level  Hunger
 Lesser Beckoning         Tloc           #.........   28%         3    ####...
 Teleport Other           Tloc           #.......     28%         3    ####...
 Passage of Golubria      Tloc           N/A          67%         4    #####..


Dungeon Overview and Level Annotations

Branches:
Dungeon (2/15)

Altars:
Fedhas
Trog
Wu Jian


Innate Abilities, Weirdness & Mutations

You are small and have problems with some larger weapons.
You are somewhat resistant to further mutation.


Message History

The gnoll throws a stone.
The stone hits you but does no damage.
You see here a stone.
The gnoll barely misses you.
You completely miss the gnoll.
Your shroud bends the gnoll's attack away.
You hit the gnoll.
The gnoll is moderately wounded.
The gnoll barely misses you.
You hit the gnoll.
The gnoll is severely wounded.
Your shroud unravels.
The gnoll hits you with a halberd!
Ouch! That really hurt!
* * * LOW HITPOINT WARNING * * *
You hit the gnoll.
The gnoll is almost dead.
The gnoll hits you with a halberd!
Ouch! That really hurt!
You die...
Fedhas appreciates your contribution to the ecosystem.

..........# ####
...###.#### ...# #.#
##.###.# #.....# #..####
### #..# ##.## #..#
###############.#.## ##
##..###..(..(..g@.(..<.#.#
#.
........###########.....##
##. ###.#####
#.....#######.. #>#
#...........[.. #.#
#.....#######.. #.#
#....<# ##. #g#######
###..## #. #..(..g.####
#..# ## #######....# #...
.


You could see a gnoll.

Vanquished Creatures
  A gnoll (D:2)
  2 oozes
  6 dart slugs
  3 leopard geckos
  An orc (D:2)
  2 giant cockroaches (D:1)
  6 goblins
  5 hobgoblins
  A ball python (D:1)
  6 bats
  2 frilled lizards
  A kobold (D:1)
  6 rats
42 creatures vanquished.

Vanquished Creatures (others)
  7 toadstools (D:2)
7 creatures vanquished.

Grand Total: 49 creatures vanquished

Notes
Turn   | Place    | Note
-------+----------+-------------------------------------------
     0 | D:1      | Knicklaso the Halfling Warper began the quest for the Orb.
     0 | D:1      | Reached XP level 1. HP: 14/14 MP: 3/3
   136 | D:1      | Reached XP level 2. HP: 11/19 MP: 4/4
   482 | D:1      | Reached XP level 3. HP: 24/24 MP: 5/5
   580 | D:1      | HP: 1/24 [hobgoblin (4)]
  1394 | D:2      | Found an ornate altar of the Wu Jian Council.
  1394 | D:2      | Found a bloodstained altar of Trog.
  1396 | D:2      | Found a blossoming altar of Fedhas.
  1422 | D:2      | Became a worshipper of Fedhas Madash
  1454 | D:2      | Reached XP level 4. HP: 29/29 MP: 6/6
  2344 | D:1      | Learned a level 2 spell: Blink
  2348 | D:1      | Learned a level 3 spell: Gell's Gravitas
  2351 | D:1      | Learned a level 2 spell: Shroud of Golubria
  2362 | D:2      | Mangled by a gnoll

Skill      XL: |  1  2  3  4 |
---------------+-------------+-----
Fighting       | 2 |  2.3
Short Blades   | 3 |  3.8
Spellcasting   | 2 |  2.0
Throwing       | |  1.0
Armour         | |  1.1
Dodging        | |  2.9
Translocations | |  3.2
Invocations    | |  0.7

Action                   |  1- 3 |  4- 6 || total
-------------------------+-------+-------++-------
Melee: Short sword       |   149 |    53 ||   202
 Cast: Shroud of Golubri |       |     1 ||     1
Invok: Fungal Bloom      |     2 |     3 ||     5
  Eat: Chunk             |     2 |     2 ||     4
Armor: Leather armour    |    17 |    10 ||    27
Dodge: Dodged            |   116 |    37 ||   153
